 Dungeon Crawl Stone Soup version 0.21-a0-185-g3a6ed1e (webtiles) character file.

11549 Leibowitz the Cleaver (level 11, -1/99 HPs)
             Began as a Minotaur Berserker on Aug 12, 2017.
             Was a High Priest of Trog.
             Killed from afar by a fire dragon (51 damage)
             ... with a blast of flame
             ... on level 1 of the Lair of Beasts.
             The game lasted 00:35:12 (10423 turns).

Leibowitz the Cleaver (Minotaur Berserker)         Turns: 10423, Time: 00:35:12

Health: -1/99      AC: 12    Str: 28      XL:     11   Next: 50%
Magic:  10/10      EV: 12    Int:  3 (4)  God:    Trog [*****.]
Gold:   472        SH:  0    Dex: 10      Spells: 10/10 levels left

rFire    . . .     SeeInvis +   o - +7 battleaxe (flame)
rCold    . . .     Gourm    .   (shield currently unavailable)
rNeg     . . .     Faith    .   O - +1 chain mail of the Hot Ocelot {rCorr Str+3 Stlth-}
rPois    .         Spirit   .   (helmet restricted)
rElec    .         Reflect  .   (no cloak)
rCorr    +         Harm     .   (no gloves)
MR       .....                  (no boots)
Stlth    ..........             (no amulet)
HPRegen  0.26/turn              H - ring of flight
MPRegen  0.12/turn              p - ring of see invisible

@: no status effects
A: retaliatory headbutt, horns 2
a: Berserk, Trog's Hand, Brothers in Arms, Burn Spellbooks, Renounce Religion,
Evoke Flight


You were on level 1 of the Lair of Beasts.
You worshipped Trog.
Trog was extremely pleased with you.
You were hungry.

You visited 2 branches of the dungeon, and saw 10 of its levels.
You also visited: Ossuary.

You collected 472 gold pieces.

Inventory:

Hand Weapons
 o - a +7 battleaxe of flaming (weapon)
Missiles
 u - 9 throwing nets (quivered)
Armour
 x - a +1 plate armour
 O - the +1 chain mail of the Hot Ocelot (worn) {rCorr Str+3 Stlth-}
   (You found it on level 8 of the Dungeon)

   It affects your strength (+3).
   It protects you from acid and corrosion.
   It makes you less stealthy.
Jewellery
 p - a ring of see invisible (right hand)
 H - a ring of flight (left hand)
Wands
 j - a wand of polymorph (11/24)
 E - a wand of iceblast (0/15)
 I - a wand of flame (19/48)
 K - a wand of flame (14/48)
 N - a wand of iceblast (5/15)
 P - a wand of iceblast (8/15)
 Q - a wand of digging (10/24)
Scrolls
 d - 13 scrolls of identify
 g - 2 scrolls of blinking
 k - 2 scrolls of remove curse
 r - a scroll of enchant armour
 v - 2 scrolls of holy word
 C - a scroll of enchant weapon
Potions
 e - 4 potions of heal wounds
 l - a potion of brilliance
 n - a potion of lignification
 s - 4 potions of haste
 t - 3 potions of curing
 w - a potion of might
 D - a potion of flight
Comestibles
 c - 10 bread rations
 f - 5 fruits
 h - 5 royal jellies
 i - 7 meat rations


   Skills:
 * Level 10.0 Fighting
 * Level 14.6 Axes
 * Level 10.5 Armour
 * Level 7.6 Dodging
 + Level 1.0 Stealth


You had 10 spell levels left.
You didn't know any spells.

Dungeon Overview and Level Annotations

Branches:
Dungeon (9/15)             Temple (0/1) D:5            Lair (1/6) D:9
    Orc: D:9-12

Altars:
Cheibriados
Gozag
Hepliaklqana
Makhleb
Nemelex Xobeh
Okawaru
Trog

Shops:
D:7 [


Innate Abilities, Weirdness & Mutations

You reflexively headbutt those who attack you in melee.
You have a pair of horns on your head.


Message History

Evoke which item? (* to show all) (? for menu, Esc to quit)
Aiming: Iceblast (will waste charges)
Press: ? - help, Shift-Dir - straight line Nothing appears to happen.
The fire dragon bites you.
The fire dragon claws you but does no damage.
The fire dragon tramples you but does no damage.
You barely miss the fire dragon.
The fire dragon is moderately wounded.
The fire dragon bites you but does no damage.
The fire dragon closely misses you. x2
You slash the fire dragon! You burn the fire dragon.
The fire dragon is heavily wounded.
The fire dragon bites you but does no damage.
The fire dragon claws you. The fire dragon tramples you.
You stumble backwards!
You hit the fire dragon.
The fire dragon is heavily wounded.
The fire dragon breathes flames at you. The blast of flame hits you!
Ouch! That really hurt!
You die...

#......## ###
#......# #.#
##....## # ####.#
##..## # #....#
#..# ## ##...#
#.## .###....#
#.# .##.....#
##D# ..#.....#
#.@# ........#
#.## ........####
#.# ...........#
#.#
...#######.####.#
....#...##.##...#
........##....###
........#######
........#####


You could see a fire dragon.

Vanquished Creatures
  3 two-headed ogres (D:9)
  Pikel (D:4)
  2 spiny frogs (Lair:1)
  5 komodo dragons (Lair:1)
  3 hippogriffs
  13 yaks
  A wyvern (D:8)
  A basilisk (Lair:1)
  A hungry ghost (D:9)
  A water moccasin (Lair:1)
  An orc warrior (D:9)
  2 porcupines (Lair:1)
  A phantom (D:7)
  2 ice beasts
  A sky beast (D:8)
  3 ogres
  2 black bears (D:9)
  5 wolves (Lair:1)
  2 centaurs
  3 crocodiles (Lair:1)
  2 big kobolds (D:9)
  3 bullfrogs
  2 scorpions
  6 killer bees
  5 wights (D:8)
  A howler monkey (D:3)
  6 crimson imps
  A quasit (D:7)
  3 centaur zombies
  3 hounds
  3 centaur skeletons
  5 orc priests
  5 jellies
  Jessica (D:3)
  6 worker ants
  4 iguanas
  8 orc wizards
  3 big kobold zombies (Ossuary)
  A hound skeleton (D:7)
  5 mummies (Ossuary)
  A worker ant zombie (D:6)
  8 adders
  A shadow imp (D:9)
  2 oozes
  A worm (D:2)
  3 dart slugs
  10 leopard geckos
  25 orcs
  A giant cockroach (D:3)
  10 goblins
  9 hobgoblins
  4 jackals (D:1)
  4 quokkas
  8 bats
  7 frilled lizards
  A giant cockroach zombie (D:6)
  A goblin zombie (D:4)
  A hobgoblin zombie (Ossuary)
  19 kobolds
  A leopard gecko skeleton (D:7)
  2 quokka skeletons
  A quokka zombie (D:4)
  14 rats
260 creatures vanquished.

Vanquished Creatures (others)
  A slave (D:4)
  An ogre (D:4)
  A worker ant (D:4)
  2 plants (Lair:1)
5 creatures vanquished.

Grand Total: 265 creatures vanquished

Notes
Turn   | Place    | Note
-------+----------+-------------------------------------------
     0 | D:1      | Leibowitz the Minotaur Berserker began the quest for the Orb.
     0 | D:1      | Reached XP level 1. HP: 19/19 MP: 0/0
    94 | D:1      | Reached skill level 4 in Axes
    94 | D:1      | Reached XP level 2. HP: 22/27 MP: 1/1
   595 | D:1      | Reached XP level 3. HP: 28/33 MP: 2/2
  1049 | D:2      | Found an iron altar of Okawaru.
  1241 | D:2      | Reached XP level 4. HP: 30/41 MP: 3/3
  1447 | D:2      | Reached ** piety under Trog
  1699 | D:3      | Reached skill level 5 in Axes
  1791 | D:3      | Noticed Jessica
  1801 | D:3      | Killed Jessica
  1801 | D:3      | Reached XP level 5. HP: 47/47 MP: 4/4
  2105 | D:3      | Noticed an ice beast
  2125 | D:3      | Killed an ice beast
  2125 | D:3      | Reached skill level 5 in Fighting
  2125 | D:3      | Reached skill level 6 in Axes
  2453 | D:3      | Found a snail-covered altar of Cheibriados.
  2658 | D:3      | Reached XP level 6. HP: 53/56 MP: 5/5
  2705 | D:4      | Noticed Pikel
  2705 | D:4      | Noticed a slave
  2705 | D:4      | Noticed a slave
  2705 | D:4      | Noticed a slave
  2705 | D:4      | Noticed a slave
  2710 | D:4      | Killed Pikel
  2710 | D:4      | Reached skill level 7 in Axes
  2710 | D:4      | Reached XP level 7. HP: 62/62 MP: 6/6
  2805 | D:4      | Found a sand-covered staircase.
  2825 | Ossuary  | Entered an ossuary
  3324 | Ossuary  | Reached skill level 8 in Axes
  3395 | Ossuary  | Reached *** piety under Trog
  3488 | D:4      | Found a bloodstained altar of Trog.
  3565 | D:4      | Reached XP level 8. HP: 58/70 MP: 7/7
  3782 | D:5      | Entered Level 5 of the Dungeon
  3796 | D:5      | Reached skill level 5 in Armour
  3940 | D:5      | Reached skill level 9 in Axes
  3957 | D:5      | Found a staircase to the Ecumenical Temple.
  4755 | D:6      | Reached skill level 5 in Dodging
  5088 | D:7      | Noticed a hippogriff
  5112 | D:7      | Killed a hippogriff
  5112 | D:7      | Reached skill level 10 in Axes
  5357 | D:7      | Reached XP level 9. HP: 79/79 MP: 8/8
  5408 | D:7      | Found Sacyfoskur's Armour Emporium.
  5472 | D:7      | Reached **** piety under Trog
  5530 | D:7      | Found an opulent altar of Gozag.
  5657 | D:7      | Found a sparkling altar of Nemelex Xobeh.
  5657 | D:7      | Found a hazy altar of Hepliaklqana.
  5752 | D:8      | Found a burning altar of Makhleb.
  5833 | D:8      | Reached skill level 11 in Axes
  6075 | D:8      | Got a twisted chain mail
  6086 | D:8      | Identified the cursed +1 chain mail of the Hot Ocelot {rCorr Str+3 Stlth-} (You found it on level 8 of the Dungeon)
  6292 | D:9      | Found a staircase to the Lair.
  6425 | D:9      | Reached skill level 12 in Axes
  6711 | D:9      | Noticed a two-headed ogre
  6713 | D:9      | Reached XP level 10. HP: 56/88 MP: 9/9
  6717 | D:9      | Killed a two-headed ogre
  6981 | D:9      | Noticed a two-headed ogre
  6990 | D:9      | Killed a two-headed ogre
  7261 | D:9      | Reached skill level 13 in Axes
  7431 | D:9      | Noticed a two-headed ogre
  7454 | D:9      | Killed a two-headed ogre
  8480 | D:9      | Reached ***** piety under Trog
  8689 | Lair:1   | Entered Level 1 of the Lair of Beasts
  9161 | Lair:1   | Reached XP level 11. HP: 97/97 MP: 10/10
  9169 | Lair:1   | Reached skill level 14 in Axes
  9190 | Lair:1   | Reached skill level 1 in Stealth
  9406 | Lair:1   | Reached skill level 10 in Armour
  9591 | Lair:1   | Received a gift from Trog
  9951 | Lair:1   | Reached skill level 10 in Fighting
 10405 | Lair:1   | Noticed a fire dragon
 10423 | Lair:1   | Killed from afar by a fire dragon

Vault maps used:
D:1:      minmay_arrival_semitransparent
D:2:      okawaru_gym_becter
D:3:      overflow_temple_1_default, uniq_jessica
D:4:      enter_ossuary_4, first_bread, trog_butcher_becter, uniq_pikel
D:5:      minmay_temple_entry_junction_2
D:6:      minmay_liquid_box
D:7:      nicolae_gozag_cash_rules_everything_around_me,
          gammafunk_temple_overflow_statue, kennysheep_windowed_goal
D:8:      makhleb_grotto_becter
D:9:      lair_entry_dummy
Lair:1:   dragon1_lemuel, beast_lair_carwin_3, lemuel_fruit_fields
Ossuary:  ossuary_the_hunt_dpeg

Skill      XL: |  1  2  3  4  5  6  7  8  9 10 11 |
---------------+----------------------------------+-----
Axes           | 4 5 6 7 8 10 12 13 14 | 14.6
Fighting       | 4 5 6 7 9 10 | 10.0
Dodging        | 3 4 5 6 7 |  7.6
Armour         | 3 4 6 8 9 10 | 10.5
Stealth        | 1 |  1.0

Action                   |  1- 3 |  4- 6 |  7- 9 | 10-12 || total
-------------------------+-------+-------+-------+-------++-------
Melee: Hand axe          |    89 |    66 |   276 |       ||   431
       Headbutt          |    21 |     2 |    73 |    51 ||   147
       War axe           |       |       |   100 |   173 ||   273
       Battleaxe         |       |       |       |    29 ||    29
Throw: Throwing net      |       |       |     1 |       ||     1
Invok: Burn Spellbooks   |       |     1 |       |       ||     1
       Berserk           |       |     2 |     1 |     2 ||     5
Evoke: Wand              |       |       |     6 |     5 ||    11
  Use: Scroll            |       |       |    14 |     1 ||    15
       Potion            |       |       |     1 |     8 ||     9
 Stab: Sleeping          |     1 |       |       |       ||     1
       Held in net/web   |       |       |     2 |       ||     2
  Eat: Chunk             |     1 |     6 |    10 |    11 ||    28
       Bread ration      |       |       |     1 |       ||     1
       Fruit             |       |       |     1 |       ||     1
       Royal jelly       |       |       |       |     1 ||     1
Armor: Animal skin       |    13 |       |       |       ||    13
       Ring mail         |       |     5 |       |       ||     5
       Scale mail        |       |    20 |    31 |       ||    51
       Plate armour      |       |       |   110 |       ||   110
       Chain mail        |       |       |    27 |    82 ||   109
Dodge: Dodged            |    65 |    37 |   169 |   117 ||   388
